Map: Moebius Facility XX-1

Players

Scouter - Winner!

  • Race: Zerg Zerg
  • League: Platinum

A.I. 1 (Very Easy)

  • Race: Terran Terran

VOD

Have the link to the VOD?

Description

LBM

Time

  • Played on: Oct. 7, 2016, 6:44 a.m.
  • Length: 12:59
Show
View Real Time Build Order
Export as new Build Order

Scouter Zerg - Winner!

Build Orders: Hatch First, Muta Ling Bane 

Get SALT Encoding   

  12  0:00  Drone  
  13  0:13  Overlord  
  13  0:18  Drone  
  14  0:32  Drone x2  
  16  0:37  Drone  
  17  0:58  Hatchery  
  17  1:02  Drone  
  17  1:05  Extractor  
  17  1:08  Drone  
  17  1:21  Spawning Pool  
  17  1:25  Drone  
  17  1:31  Drone  
  17  1:32  Drone  
  19  1:41  Overlord  
  19  1:50  Drone  
  20  2:02  Drone  
  20  2:07  Metabolic Boost  
  21  2:10  Queen  
  23  2:17  Queen  
  23  2:22  Drone  
  26  2:24  Drone  
  27  2:32  Drone  
  27  2:33  Drone  
  27  2:35  Drone  
  30  2:42  Overlord  
  30  2:56  Queen  
  32  2:58  Queen  
  32  3:03  Zergling x2  
  32  3:04  Zergling x2  
  36  3:09  Zergling x2  
  36  3:10  Zergling x4  
  36  3:12  Zergling x2  
  40  3:28  Hatchery  
  40  3:32  Overlord  
  40  3:33  Drone  
  40  3:41  Lair  
  40  3:56  Drone  
  40  3:57  Drone x2  
  40  3:58  Drone x2  
  40  3:59  Drone  
  40  4:00  Drone  
  47  4:10  Overlord  
  47  4:11  Drone  
  47  4:16  Extractor  
  47  4:17  Extractor  
  47  4:19  Extractor  
  47  4:21  Baneling Nest, Drone  
  45  4:28  Drone x2, Evolution Chamber  
  45  4:29  Drone, Evolution Chamber  
  47  4:31  Drone  
  47  4:58  Drone x4  
  47  4:59  Drone, Spire  
  51  5:08  Centrifical Hooks  
  51  5:10  Extractor  
  51  5:13  Extractor, Zerg Ground Armor Level 1  
  49  5:28  Drone x5  
  53  5:33  Overlord  
  54  5:37  Zerg Melee Weapons Level 1  
  54  6:03  Drone x7  
  54  6:04  Zergling x2, Drone x3  
  63  6:05  Zergling x2  
  66  6:23  Zerg Flyer Weapons Level 1  
  66  6:25  Overlord x2  
  66  6:26  Overlord x2  
  66  6:37  Mutalisk x2  
  66  6:38  Mutalisk x2  
  74  6:50  Mutalisk x3  
  74  6:52  Mutalisk  
  82  6:59  Mutalisk x2  
  86  7:11  Zerg Ground Armor Level 2  
  86  7:14  Overlord x2  
  86  7:16  Mutalisk  
  88  7:25  Drone  
  88  7:26  Drone x2  
  88  7:27  Drone x3  
  88  7:28  Drone  
  95  7:30  Mutalisk  
  97  7:46  Mutalisk x2  
  97  7:47  Mutalisk x3  
  97  7:50  Mutalisk  
  109  8:06  Overlord  
  109  8:07  Hatchery  
  108  8:15  Infestation Pit  
  108  8:17  Drone x2  
  108  8:19  Drone  
  110  8:21  Overlord x2  
  110  8:22  Overlord x2  
  110  9:00  Hive  
  108  9:20  Queen  
  110  9:37  Zerg Flyer Weapons Level 2  
  110  9:39  Zerg Melee Weapons Level 2  
  110  9:41  Zerg Missile Weapons Level 1  
  110  9:51  Drone  
  111  10:06  Overseer  
  111  10:20  Hatchery  
  110  10:33  Drone x8  
  110  10:34  Drone x7  
  110  10:35  Drone x6  
  131  10:39  Mutalisk, Overlord x4  
  131  10:40  Mutalisk x17  
  164  11:12  Zergling x2  
  164  11:13  Zergling x22  
  164  11:14  Zergling x10  
  164  11:18  Overlord  
  181  11:20  Zergling x10  
  181  11:21  Zergling x6  
  189  11:31  Extractor  
  189  11:32  Extractor  
  187  11:43  Queen  
  189  11:48  Extractor  
  189  11:49  Extractor  
  189  11:53  Baneling x14  
Show
View Real Time Build Order
Export as new Build Order

A.I. 1 (Very Easy) Terran 

Build Orders: Reaper Expand 

Get SALT Encoding   

  12  0:00  SCV  
  13  0:13  SCV  
  14  0:20  Supply Depot  
  14  0:45  Barracks  
  14  1:03  Command Center  
  14  1:33  Orbital Command, Supply Depot, Marine  
  14  1:38  Refinery  
  15  1:49  Refinery  
  15  1:58  SCV  
  16  2:10  SCV  
  16  2:15  SCV  
  18  2:17  Reaper  
  19  2:23  SCV  
  19  2:29  SCV  
  21  2:36  SCV  
  22  2:43  SCV  
  23  2:45  Refinery  
  23  2:51  SCV  
  24  2:58  SCV  
  25  3:03  Marine  
  25  3:05  SCV  
  27  3:12  SCV  
  28  3:19  SCV  
  29  3:23  Factory  
  29  3:26  SCV  
  30  3:47  Refinery  
  30  3:49  Barracks Tech Lab  
  30  3:50  SCV  
  31  3:58  Supply Depot  
  31  3:59  SCV  
  32  4:06  SCV  
  32  4:07  Marine  
  34  4:11  Starport  
  34  4:13  SCV  
  34  4:20  SCV  
  35  4:28  SCV  
  36  4:35  SCV  
  37  4:39  Supply Depot  
  37  4:42  SCV  
  38  4:49  SCV  
  38  4:50  Starport Tech Lab  
  38  4:52  Marine  
  39  4:56  SCV  
  41  5:04  SCV  
  42  5:09  Raven  
  42  5:11  SCV  
  45  5:18  SCV  
  46  5:25  SCV  
  47  5:39  Marauder  
  49  5:52  Raven  
  51  6:24  Marauder  
  53  6:39  SCV  
  53  7:10  Marine  
  54  8:47  SCV  
  54  9:05  SCV  
  54  10:36  Medivac, Factory Tech Lab  
  54  10:39  Supply Depot  
  56  10:47  Command Center  
  56  10:57  Siege Tank  
  56  11:04  Supply Depot  
  46  11:12  SCV  
  36  11:19  SCV  
  36  11:26  SCV  
  36  11:29  Siege Tank  
  36  11:31  Starport  
  36  11:34  SCV  
  36  11:35  Supply Depot  
  36  11:48  SCV  
  36  11:49  Barracks  
  34  12:09  Medivac  
  34  12:14  Refinery  
  35  12:22  Refinery  
  24  12:23  SCV  
  14  12:31  SCV  
  13  12:40  Command Center  
  15  12:45  SCV  
  8  12:51  Barracks  
Tags
 
Add a new tag
Caveats
  • Supply blocks, unpowered buildings, or Contaminate may cause inaccurate times.
  • Supply counts are checked every 10 seconds.